 Dungeon Crawl Stone Soup version 0.22-a0-192-g6ffc940 (webtiles) character file.

122 vishdafish the Slasher (level 4, -2/34 HPs)
             Began as a Demonspawn Gladiator on Feb 17, 2018.
             Succumbed to Sigmund's poison
             ... on level 2 of the Dungeon.
             The game lasted 00:02:42 (999 turns).

vishdafish the Slasher (Demonspawn Gladiator)        Turns: 999, Time: 00:02:42

Health: -2/34      AC:  6    Str: 14    XL:     4   Next: 78%
Magic:  4/4        EV: 19    Int: 10    God:
Gold:   78         SH:  0    Dex: 20    Spells: 3/3 levels left

rFire    . . .     SeeInvis .   a - +1 long sword
rCold    . . .     Gourm    .   (no shield)
rNeg     . . .     Faith    .   b - +0 leather armour
rPois    .         Spirit   .   c - +0 helmet
rElec    .         Reflect  .   (no cloak)
rCorr    .         Harm     .   (no gloves)
MR       .....                  (no boots)
Stlth    +++.......             j - amulet of inaccuracy (curse)
HPRegen  0.11/turn              (no ring)
MPRegen  0.09/turn              (no ring)

@: agile, lethally poisoned (-2 -> -38), flying
A: hooves 1, thin metallic scales 1, demonic guardian 1
a: no special abilities


You were on level 2 of the Dungeon.
You were hungry.

You visited 1 branch of the dungeon, and saw 2 of its levels.

You collected 78 gold pieces.

Inventory:

Hand Weapons
 a - a +1 long sword (weapon)
 g - a +0 halberd
Missiles
 d - 4 throwing nets (quivered)
Armour
 b - a +0 leather armour (worn)
 c - a +0 helmet (worn)
Jewellery
 j - a cursed amulet of inaccuracy (around neck)
Scrolls
 i - a scroll of teleportation
Comestibles
 f - 6 rations


   Skills:
 + Level 2.9 Fighting
 * Level 4.1 Long Blades
 - Level 1.7 Throwing
 + Level 3.4 Dodging


You had 3 spell levels left.
You didn't know any spells.

Dungeon Overview and Level Annotations

Branches:
Dungeon (2/15)

Altars:
Okawaru

Annotations:
D:2 Sigmund


Innate Abilities, Weirdness & Mutations

You have large cloven feet.
You are partially covered in thin metallic scales. (AC +2)
A weak demonic guardian rushes to your aid.


Message History

Something hits you!
* * * LOW HITPOINT WARNING * * *
You are lethally poisoned!
You aren't carrying any potions.
Okay, then.
You slash something! Your kick misses something.
* * * LOW HITPOINT WARNING * * *
You feel sick. Something hits you but does no damage.
You are more poisoned.
You completely miss something. You kick something.
* * * LOW HITPOINT WARNING * * *
You feel very sick. Something hits you but does no damage.
You are more poisoned.
You miss something. You kick something.
* * * LOW HITPOINT WARNING * * *
You feel very sick. Something hits you but does no damage.
Okay, then.
You die...

######### #.......# #.......#
#.......##########
########...5...........
#####.........{.@..........
......#....#..#####.......#
######....................#
........##...#####.........
..#....[.....# ##..####.##.
.............###..## #..#
..##.............#####.. .......
.)##...................##.......
..##.........#######.............


You could see a friendly white imp.

Vanquished Creatures
  3 adders (D:2)
  4 gnolls
  An ooze (D:1)
  A worm (D:2)
  10 bats
  A giant cockroach (D:2)
  6 hobgoblins
  8 kobolds
  A ball python (D:1)
  4 frilled lizards
  7 goblins
  4 rats
50 creatures vanquished.

Vanquished Creatures (collateral kills)
  A gnoll (D:2)
1 creature vanquished.

Grand Total: 51 creatures vanquished

Notes
Turn   | Place    | Note
-------+----------+-------------------------------------------
     0 | D:1      | vishdafish the Demonspawn Gladiator began the quest for the Orb.
     0 | D:1      | Reached XP level 1. HP: 16/16 MP: 1/1
    88 | D:1      | Reached skill level 3 in Long Blades
    88 | D:1      | Gained mutation: A weak demonic guardian rushes to your aid. [demonic ancestry]
    88 | D:1      | Reached XP level 2. HP: 18/22 MP: 2/2
   416 | D:1      | Gained mutation: You are partially covered in thin metallic scales. (AC +2) [demonic ancestry]
   416 | D:1      | Reached XP level 3. HP: 27/28 MP: 3/3
   707 | D:2      | Gained mutation: You have large cloven feet. [demonic ancestry]
   707 | D:2      | Reached XP level 4. HP: 30/34 MP: 4/4
   798 | D:2      | Reached skill level 4 in Long Blades
   940 | D:2      | Found an iron altar of Okawaru.
   978 | D:2      | Noticed Sigmund
   998 | D:2      | HP: 1/34 [poisoned by Sigmund]
   999 | D:2      | Succumbed to Sigmund's poison

Vault maps used:
D:1:      giann_horns
D:2:      nicolae_overflow_hidden_temple, first_ration, uniq_sigmund

Skill      XL: |  1  2  3  4 |
---------------+-------------+-----
Long Blades    | 3 4 |  4.1
Dodging        | 3 |  3.4
Fighting       | |  2.9
Throwing       | |  1.7

Action                   |  1- 3 |  4- 6 || total
-------------------------+-------+-------++-------
Melee: Long sword        |    78 |    61 ||   139
       Kick              |       |    16 ||    16
  Use: Scroll            |     3 |       ||     3
       Potion            |       |     4 ||     4
 Stab: Sleeping          |     1 |       ||     1
       Distracted        |       |     1 ||     1
Armor: Leather armour    |    30 |    13 ||    43
Dodge: Dodged            |    69 |    53 ||   122
       Rpst.: Long sword |    25 |    15 ||    40

Table legend:
 A = Spawn XP
 B = Non-spawn XP
 C = Spawn XP percentage of total XP
 D = Spawn monster count
 E = Non-spawn monster count
 F = Spawn count percentage of total count
 G = Total turns spent on level
                    A         B        C        D         E        F      G
               +---------+---------+-------+---------+---------+-------+---------
         Total |       0 |     175 |   0.0 |       0 |      51 |   0.0 |   999
               +---------+---------+-------+---------+---------+-------+---------
           D:1 |       0 |      61 |   0.0 |       0 |      27 |   0.0 |   623
           D:2 |       0 |     114 |   0.0 |       0 |      24 |   0.0 |   376
               +---------+---------+-------+---------+---------+-------+---------
